Unix NetHack Version 3.7.0-59 Work-in-progress - last build Jun 11 2022 12:06:21 (957820c7457cdd9d3e79a92e84ff2cda0ad81c79,branch:master). Game began 2022-06-13 07:28:56, ended 2022-06-13 07:48:30. cathartes, neutral female gnomish Archeologist ----- ---------- ...+ .........| --------...| ## |........| ------|..|?++|...|####### .........| |.....|..|+]+|...|# #### ##|........| | -- |.._..||-|...|...|# ####.........| |... ---+- |.....|..--|--...|# # |...<....| -.......... |.... |..........|# ---------- |...........{ --|----.{...@%@..|# |.............Z.........b...f..|# | -|---+--...........--|--....### ----.-------|...|...|## |. |(((|...|## +. |(((|...|# | ----- ----.------+-----...|# |..............................|# --------------------------------# Cathartes the Field Worker St:14 Dx:10 Co:14 In:11 Wi:15 Ch:11 Neutral Dlvl:5 $:0 HP:0(25) Pw:17(17) AC:2 Xp:3/58 T:1668 Burdened Latest messages: The paper golem just misses! You hit the paper golem. The paper golem just misses! You hit the paper golem. The paper golem hits! You hit the paper golem. The paper golem hits! The air crackles around the gnomish wizard. The paper golem hits! You hit the paper golem. The paper golem hits! You hit the paper golem. You hear the splashing of a naiad. You hit the paper golem. The paper golem hits! The paper golem hits! The dwarf zombie hits the watchman. The watchman thrusts his dagger at the dwarf zombie. The watchman misses the dwarf zombie. The dwarf zombie misses the watchman. What do you want to write with? [- egyz or ?*] - You write in the dust with your fingertip. What do you want to write in the dust here? Elbereth Something is written here in the dust. You read: "Elbereth". You see no objects here. The paper golem turns to flee. You hear some noises in the distance. You see a door open. Satellite bites the homunculus. You hear someone praising Huhetotl. The acid blob turns to flee. Something is written here in the dust. You read: "Elbereth". You see no objects here. Satellite bites the homunculus. The homunculus misses Satellite. Satellite bites the homunculus. The homunculus is killed! Satellite bites the gas spore. The gas spore is killed! The watchman is caught in the gas spore's explosion! Satellite is caught in the gas spore's explosion! You are caught in the gas spore's explosion! It is fatal. Do you want your possessions identified? [ynq] (y) y Do you want to see your attributes? [ynq] (y) y Do you want an account of creatures vanquished? [ynaq] (y) y Do you want to see your conduct and achievements? [ynq] (y) y Do you want to see the dungeon overview? [ynq] (y) y Major events: Turn 1: cathartes the neutral female gnomish Archeologist entered the dungeon 233: entered the Gnomish Mines 1347: attained the rank of Field Worker (level 3) 1561: reached Mine Town 1668: killed by a gas spore's explosion Inventory: Weapons e - an uncursed +2 bullwhip (alternate weapon; not wielded) Armor c - an uncursed +0 fedora (being worn) u - an uncursed +0 pair of iron shoes (being worn) i - an uncursed +0 banded mail (being worn) Amulets F - an uncursed amulet versus poison Tools h - an uncursed sack containing 4 items k - a cursed lock pick a - an uncursed +0 pick-axe (weapon in hand) p - an uncursed tin opener f - an uncursed tinning kit (0:83) Comestibles d - 2 uncursed food rations q - a cursed food ration w - an uncursed homemade tin of yellow mold Gems/Stones y - an uncursed agate stone z - an uncursed emerald g - an uncursed touchstone Contents of the sack: 20 gold pieces an uncursed ring of invisibility an uncursed scroll of identify an uncursed potion of hallucination Cathartes the Archeologist's attributes: Background: You were a Field Worker, a level 3 female gnomish Archeologist. You were neutral, nominally on a mission for Camaxtli who was opposed by Quetzalcoatl (lawful) and Huhetotl (chaotic). You were in the Gnomish Mines, on level 5. You entered the dungeon 1668 turns ago. There was a full moon in effect when your adventure ended. You had 58 experience points, 22 more were needed to attain level 4. Basics: You had 0 out of 25 hit points. You had all 17 energy points (spell power). Your armor class was 2. Your wallet was empty. Autopickup was on for '$_*' plus thrown, with exceptions. Final Characteristics: Your strength was 14 (limit:18/50). Your dexterity was 10 (limit:18). Your constitution was 14 (limit:18). Your intelligence was 11 (limit:19). Your wisdom was 15 (limit:18). Your charisma was 11 (limit:18). Final Status: You were not hungry. You were burdened; movement was slightly slowed. You were wielding a pick-axe. You had basic skill with pick-axe. Final Attributes: You were devoutly aligned. You had infravision. You were stealthy. You were warded. You were fast. You were lucky. You are dead. Miscellaneous: You disabled loading of bones levels. Total elapsed playing time was 19 minutes and 34 seconds. Vanquished creatures: 2 shriekers 2 floating eyes 3 dwarves 2 homunculi a giant bat 3 dwarf zombies an iguana a coyote 2 gas spores 3 hobbits a giant rat a cave spider a yellow mold 4 gnomes 3 gnome zombies 4 geckos 4 jackals 2 goblins 3 sewer rats 4 grid bugs 3 lichens a kobold zombie 2 newts 53 creatures vanquished. No species were genocided or became extinct. Voluntary challenges: You were an atheist. You read items or engraved 3 times. You engraved Elbereth 3 times. You never genocided any monsters. You never polymorphed an object. You never changed form. You used no wishes. Achievements: You entered the Gnomish Mines. You attained the rank of Field Worker. You entered Minetown. You entered a shop. You entered a temple. The Dungeons of Doom: levels 1 to 2 Level 1: Many fountains. Level 2: Stairs down to The Gnomish Mines. The Gnomish Mines: levels 3 to 5 Level 3: Level 4: Level 5: <- You were here. Some shops, a temple, some fountains. Final resting place for you, killed by a gas spore's explosion. Game over: ---------- / \ / REST \ / IN \ / PEACE \ / \ | cathartes | | 20 Au | | killed by a gas | | spore's | | explosion | | | | 2022 | *| * * * | * _________)/\\_//(\/(/\)/\//\/|_)_______ Goodbye cathartes the Archeologist... You died in The Gnomish Mines on dungeon level 5 with 450 points, and 20 pieces of gold, after 1668 moves. You were level 3 with a maximum of 25 hit points when you died.